 Dungeon Crawl Stone Soup version 0.27-a0-263-gc8dee61f84 (webtiles) character file.

Game seed: 15695463361201570570

38 lunkers the Gusty (level 3, 0/26 HPs)
             Began as a Demigod Air Elementalist on Feb 4, 2021.
             Slain by a jackal (2 damage)
             ... on level 1 of the Dungeon.
             The game lasted 00:02:02 (1178 turns).

lunkers the Gusty (Demigod Air Elementalist)        Turns: 1178, Time: 00:02:02

Health: 0/26       AC:  3    Str: 11    XL:     3   Next: 10%
Magic:  9/9        EV: 12    Int: 21    God:
Gold:   28         SH:  0    Dex: 16    Spells: 5/6 levels left

rFire    . . .     SeeInvis .   d - +2 spear (venom)
rCold    . . .     Faith    .   (no shield)
rNeg     . . .     Spirit   .   a - +0 robe
rPois    .         Reflect  .   (no helmet)
rElec    .         Harm     .   g - +0 cloak
rCorr    .         Rampage  .   (no gloves)
Will     .....                  (no boots)
Stlth    ++........             (no amulet)
HPRegen  0.08/turn              (no ring)
MPRegen  0.11/turn              (no ring)

@: no status effects
A: high mp 1
a: no special abilities


You were on level 1 of the Dungeon.
You visited 1 branch of the dungeon, and saw 2 of its levels.

You collected 28 gold pieces.

Inventory:

Hand Weapons
 d - a +2 spear of venom (weapon)
 k - a +2 dagger of protection
Armour
 a - a +0 robe (worn)
 g - a +0 cloak (worn)
Scrolls
 b - a scroll of teleportation {unknown}
 c - a scroll of amnesia {unknown}
 f - 2 scrolls of fog {unknown}
 h - a scroll of remove curse {unknown}
 j - a scroll of immolation {unknown}
 l - 3 scrolls of identify {unknown}
Potions
 e - a potion of ambrosia {unknown}
 i - a potion of heal wounds {unknown}


   Skills:
 - Level 1.7 Dodging
 - Level 1.7 Stealth
 + Level 2.2 Spellcasting
 - Level 0.8 Conjurations
 * Level 3.6 Air Magic


You had 5 spell levels left.
You knew the following spells:

 Your Spells              Type           Power        Failure   Level
a - Shock                 Conj/Air       44%          6%          1

Your spell library contained the following spells:

 Spells                   Type           Power        Failure   Level
 Swiftness                Air            17%          4%          2
 Static Discharge         Conj/Air       11%          17%         3
 Airstrike                Air            8%           32%         4
 Lightning Bolt           Conj/Air       5%           85%         5


Dungeon Overview and Level Annotations

Branches:
Dungeon (2/15)


Innate Abilities, Weirdness & Mutations

You have an increased reservoir of magic. (+10% MP)


Message History

The jackal bites you.
* * * LOW HITPOINT WARNING * * *
You closely miss the jackal.
The jackal is moderately wounded.
The jackal bites you but does no damage.
The jackal completely misses you.
The jackal bites you but does no damage.
The jackal completely misses you. The jackal closely misses you.
The jackal bites you but does no damage.
Unknown command.
You closely miss the jackal.
The jackal is moderately wounded.
The jackal barely misses you. x3
Unknown command.
You hit the jackal.
You kill the jackal!
The jackal bites you but does no damage.
The jackal closely misses you. The jackal barely misses you.
The jackal bites you.
You die...

#.........##....................
#.........##.##.).###.##.#####..
##............##.......##.# #.#
#.........####).....#####.# #.#
#..(.#'####.........#>....# #.#
#....#.# #.##.#....#.##### #.#
#....#)####....#....#.# #.#
#....#....######h##.#.#########.#
#....##.......hh@†...............
#######.#.###########.####..###.#
#.#.....[.#...#.####..# #.#
#####.####..#.#.#.......#.###.#
#.....#.[.....#..##÷##........#
#........≈........#.##.....##.#
#.......≈≈.......##.##........#
#........≈≈......##.##...#..#.#
#...≈≈≈≈≈≈≈......##.......#.#.#


You could see 3 jackals.

Vanquished Creatures
  A worm (D:2)
  A leopard gecko (D:1)
  A ball python (D:1)
  4 bats
  2 giant cockroaches (D:2)
  4 goblins (D:1)
  4 hobgoblins
  5 jackals
  3 kobolds (D:1)
  2 frilled lizards (D:1)
  2 rats (D:1)
29 creatures vanquished.

Notes
Turn   | Place    | Note
-------+----------+-------------------------------------------
     0 | D:1      | lunkers the Demigod Air Elementalist began the quest for
                  | the Orb.
     0 | D:1      | Reached XP level 1. HP: 14/14 MP: 5/5
   193 | D:1      | Reached skill level 3 in Air Magic
   316 | D:1      | Reached XP level 2. HP: 20/20 MP: 5/7
  1041 | D:2      | Reached XP level 3. HP: 23/26 MP: 0/9
  1178 | D:1      | Slain by a jackal

Illustrated notes

Levels and vault maps discovered:
D:1:      heliophobic_arrival_enchanted_forest, layout_basic,
          lemuel_old_faithful
D:2:      minmay_recursive_quarters, layout_rooms, minmay_box_of_dots,
          uniq_terence

Skill      XL: |  1 |
---------------+----+-----
Air Magic      | 3 |  3.6
Spellcasting   | 2 |  2.2
Dodging        | |  1.7
Stealth        | |  1.7
Conjurations   | |  0.8

Action                   || total
-------------------------++-------
Melee: Spear             ||    28
 Cast: Shock             ||    56
Armor: Robe              ||    26
Dodge: Dodged            ||    60

Table legend: (Time is in decaauts)
 A = Elapsed time spent in this place.
 B = Non-inter-level travel time spent in this place.
 C = Inter-level travel time spent in this place.
 D = Time resting spent in this place.
 E = Time spent auto-exploring this place.
 F = Levels seen in this place.
 G = Mean time per level.
                   A        B        C        D        E       F      G
               +--------+--------+--------+--------+--------+-----+--------+
         Total |   1182 |   1166 |     16 |    112 |    887 |   2 |  591.0 |
       Dungeon |   1182 |   1166 |     16 |    112 |    887 |   2 |  591.0 |
               +--------+--------+--------+--------+--------+-----+--------+

Top non-repeatable levels by time:
     D:1: 1041 daAuts
     D:2: 140 daAuts
